 Dungeon Crawl Stone Soup version 0.29-a0-72-g1732ff48e7 (webtiles) character file.

Game seed: 6285753483351845646

1640 Sweetruy1997 the Covered (level 9, -10/68 HPs)
             Began as a Formicid Fighter on Feb 4, 2022.
             Was a Believer of Makhleb.
             Mangled by a wyvern (18 damage)
             ... on level 7 of the Dungeon.
             The game lasted 00:20:09 (5278 turns).

Sweetruy1997 the Covered (Formicid Fighter)         Turns: 5278, Time: 00:20:10

Health: -10/68     AC:  2    Str: 26    XL:     9   Next: 18%
Magic:  15/22      EV: 19    Int: 13    God:    Makhleb [**....]
Gold:   109        SH:  0    Dex: 15    Spells: 8/14 levels left

rFire   . . .      SeeInvis .   (weapon currently unavailable)
rCold   . . .      Faith    .   (shield currently unavailable)
rNeg    . . .      Spirit   .   (armour currently unavailable)
rPois   x          Reflect  .   (helmet unavailable)
rElec   .          Harm     .   (cloak currently unavailable)
rCorr   .          Rampage  .   (gloves currently unavailable)
Will    .....                   (boots currently unavailable)
Stlth   ++........              (no amulet)
HPRegen 0.21/turn               i - ring of magical power
MPRegen 0.18/turn               l - +6 ring of strength

@: spider-form (expiring), wereblooded, very slightly contaminated
A: venomous fangs, permanent stasis, dig shafts and tunnels, tiny, (antennae 3),
four strong arms
a: End Transformation, Renounce Religion, Minor Destruction


You were on level 7 of the Dungeon.
You worshipped Makhleb.
Makhleb was pleased with you.
You were a venomous arachnid creature.
You visited 2 branches of the dungeon, and saw 8 of its levels.

You collected 274 gold pieces.
You spent 165 gold pieces at shops.

Inventory:

Hand Weapons
 g - a +4 dagger of electrocution (melded)
Missiles
 a - 4 boomerangs (quivered)
Armour
 b - a +0 scale mail (melded)
 c - a +0 buckler (melded)
Jewellery
 i - a ring of magical power (left front leg)
 l - a +6 ring of strength (right front leg)
Wands
 r - a wand of iceblast (4)
Scrolls
 e - 3 scrolls of magic mapping
 k - a scroll of enchant armour {unknown}
 n - 2 scrolls of fog {unknown}
 o - a scroll of holy word {unknown}
 t - 2 scrolls of fear {unknown}
 v - 3 scrolls of noise {unknown}
 w - a scroll of brand weapon {unknown}
Potions
 d - 2 potions of might
 f - a potion of cancellation {unknown}
 h - a potion of magic {unknown}
 j - a potion of ambrosia {unknown}
 m - a potion of mutation {unknown}
 p - 4 potions of curing
 q - a potion of invisibility {unknown}
 s - a potion of brilliance
 u - a potion of lignification {unknown}


   Skills:
 - Level 5.0 Fighting
 + Level 5.8 Short Blades
 - Level 2.1 Axes
 - Level 3.0 Throwing
 + Level 6.5 Armour
 + Level 1.7 Dodging
 - Level 2.0 Stealth
 - Level 4.0 Shields
 + Level 3.0 Spellcasting
 + Level 3.5 Transmutations
 + Level 0.2 Evocations


You had 8 spell levels left.
You knew the following spells:

 Your Spells              Type           Power      Damage    Failure   Level
a - Beastly Appendage     Tmut           22%        N/A       16%         1
b - Wereblood             Tmut           11%        N/A       22%         2
c - Spider Form           Tmut/Pois      6%         N/A       54%         3

Your spell library contained the following spells:

 Spells                   Type           Power      Damage    Failure   Level
 Ozocubu's Armour         Ice            2%         N/A       77%         3
 Stone Arrow              Conj/Erth      4%         3d7       77%         3
 Sticky Flame             Conj/Fire      2%         2d3       98%         4
 Irradiate                Conj/Tmut      3%         3d14      99%         5
 Freezing Cloud           Conj/Ice/Air   1%         6-21      100%        5
 Lightning Bolt           Conj/Air       1%         1d12      100%        5
 Metabolic Englaciation   Hex/Ice        1%         N/A       100%        5
 Simulacrum               Ice/Necr       1%         N/A       100%        6
 Polar Vortex             Ice            1%         N/A       100%        9


Dungeon Overview and Level Annotations

Branches:
Dungeon (6/15)             Temple (1/1) D:5

Altars:
Ashenzari
Dithmenos
Elyvilon
Fedhas
Gozag
Hepliaklqana
Kikubaaqudgha
Makhleb
Okawaru
Qazlal
Ru
Trog
Vehumet
Wu Jian
Yredelemnul
Zin
The Shining One

Shops:
D:1 !

Annotations:
D:7 Sigmund


Innate Abilities, Weirdness & Mutations

You are a venomous arachnid creature.
You have poisonous fangs.
You are tiny and dextrous.
Your spellcasting is less reliable in this form.
Your armour is entirely melded.
You are incapable of wielding weapons or throwing items.
You cannot be hasted, slowed, berserked, paralysed or teleported.
You can dig through walls and to a lower floor.
((You have a pair of large antennae on your head. (SInv)))
Your four strong arms can wield two-handed weapons with a shield.


Message History

The wyvern hisses menacingly.
Sigmund points at you and mumbles some strange words.
The magic dart hits you but does no damage.
Casting: Spider Form (dangerous; 65% risk of failure)
Confirm with . or Enter, or press ? or * to list all spells.
You turn into a venomous arachnid creature.
Your +4 dagger of electrocution melds into your body.
Your +0 buckler melds into your body.
Your +0 scale mail melds into your body.
Your +4 dagger of electrocution stops crackling.
The orc hits you from afar with a +0 scythe. x2
Sigmund mumbles some strange words.
Sigmund flickers and vanishes!
Deactivating autopickup; reactivate with Ctrl-A.
The orc barely misses you.
You hit the wyvern.
The wyvern is poisoned.
The wyvern is lightly wounded.
The wyvern misses you.
The orc hits you from afar with a +0 scythe.
The orc barely misses you. x2
You hear some strange, mumbled words.
Something tries to affect you, but you resist.
You hit the wyvern but do no damage.
The wyvern looks even sicker.
The wyvern is lightly wounded.
The wyvern bites you! The orc misses you. The wyvern bites you!
The orc misses you. The orc barely misses you.
You hit the wyvern but do no damage.
The wyvern looks as sick as possible!
The wyvern is lightly wounded.
Your transformation is almost over.
The wyvern bites you.
* * * LOW HITPOINT WARNING * * *
The orc misses you. The orc closely misses you. Something barely misses you.
The orc closely misses you.
You hit the wyvern but do no damage.
The wyvern looks as sick as possible!
The wyvern is moderately wounded.
The wyvern closely misses you.
The orc hits you from afar with a +0 scythe!
* * * LOW HITPOINT WARNING * * *
The wyvern bites you!!
You die...

###......
#........
.........
##........
#.........
##.........
#..........
#..sl.....$
##...o....#
#.o.o....#
#.........
##.......$
.........
#........
###......


You could see a wyvern (extremely poisoned) and 3 orcs.

Vanquished Creatures
  A wyvern (D:4)
  Eustachio (D:6)
  Menkaure (D:4)
  A sky beast (D:5)
  Duvessa (D:6)
  A necrophage (D:4)
  An ogre (D:5)
  A phantom (D:4)
  A bullfrog (D:6)
  2 scorpions
  A water moccasin zombie (D:5)
  Dowan (D:6)
  A water moccasin skeleton (D:4)
  A hound (D:4)
  An orc priest (D:3)
  A centaur skeleton (D:4)
  3 iguanas
  3 orc wizards
  9 adders
  A shadow imp (D:5)
  A white imp (D:6)
  An ufetubus (D:5)
  2 worms
  2 dart slugs
  14 orcs
  9 ball pythons
  9 bats
  9 endoplasms
  3 giant cockroaches
  8 goblins
  4 hobgoblins
  7 jackals
  11 kobolds
  7 quokkas
  4 frilled lizards
  A rat (D:2)
125 creatures vanquished.

Notes
Turn   | Place    | Note
-------+----------+-------------------------------------------
     0 | D:1      | Sweetruy1997 the Formicid Fighter began the quest for the
                  | Orb.
     0 | D:1      | Reached XP level 1. HP: 18/18 MP: 1/1
   119 | D:1      | Reached XP level 2. HP: 24/24 MP: 2/2
   335 | D:1      | Reached XP level 3. HP: 29/29 MP: 3/3
   696 | D:1      | Found Fac Qitz's Distillery.
   752 | D:1      | Found a faded altar of an unknown god.
  1003 | D:2      | Found a blossoming altar of Fedhas.
  1223 | D:2      | Reached skill level 1 in Short Blades
  1233 | D:2      | Reached XP level 4. HP: 34/37 MP: 4/4
  1632 | D:3      | Reached skill level 4 in Armour
  1632 | D:3      | Reached skill level 1 in Dodging
  1632 | D:3      | Reached XP level 5. HP: 36/42 MP: 5/5
  1922 | D:3      | Identified the +0 helmet "Isiust" {Rampage +Blink rN+
                  | Str-2}
  2232 | D:3      | Got the Volume of Confrontation
  2672 | D:1      | Prayed at the altar of an unknown god.
  2672 | D:1      | Became a worshipper of Makhleb the Destroyer
  2672 | D:1      | Reached * piety under Makhleb
  2714 | D:1      | Bought a potion of curing for 33 gold pieces
  2714 | D:1      | Bought a potion of heal wounds for 55 gold pieces
  2804 | D:4      | Reached XP level 6. HP: 48/48 MP: 6/6
  2899 | D:4      | Noticed a wyvern
  2924 | D:4      | Killed a wyvern
  2925 | D:4      | Reached skill level 1 in Throwing
  2925 | D:4      | Reached skill level 5 in Armour
  2925 | D:4      | Reached XP level 7. HP: 37/55 MP: 7/7
  3137 | D:4      | Learned a level 1 spell: Beastly Appendage
  3162 | D:4      | Reached ** piety under Makhleb
  3304 | D:4      | Found a glowing golden altar of the Shining One.
  3317 | D:4      | Reached skill level 1 in Stealth
  3460 | D:4      | Noticed Menkaure
  3470 | D:4      | Killed Menkaure
  3471 | D:4      | Reached skill level 1 in Transmutations
  3474 | D:4      | Reached skill level 1 in Spellcasting
  3474 | D:4      | Reached XP level 8. HP: 33/61 MP: 9/9
  3667 | D:4      | Reached skill level 6 in Armour
  3670 | D:4      | Learned a level 2 spell: Wereblood
  4010 | D:1      | Bought a potion of curing for 33 gold pieces
  4010 | D:1      | Bought a potion of brilliance for 44 gold pieces
  4165 | D:5      | Entered Level 5 of the Dungeon
  4339 | D:5      | Found a glowing silver altar of Zin.
  4464 | D:5      | Found a staircase to the Ecumenical Temple.
  4488 | Temple   | Entered the Ecumenical Temple
  4604 | D:5      | Found a white marble altar of Elyvilon.
  4876 | D:5      | Reached skill level 5 in Short Blades
  5022 | D:6      | Noticed Duvessa
  5022 | D:6      | Noticed Dowan
  5073 | D:6      | Noticed Eustachio
  5087 | D:6      | Killed Eustachio
  5088 | D:6      | Reached skill level 5 in Fighting
  5094 | D:6      | Reached XP level 9. HP: 52/68 MP: 13/13
  5103 | D:6      | Killed Duvessa
  5110 | D:6      | Killed Dowan
  5126 | D:6      | Learned a level 3 spell: Spider Form
  5271 | D:6      | You fall into a shaft and drop 1 floor!
  5271 | D:7      | Noticed Sigmund
  5278 | D:7      | Mangled by a wyvern

Illustrated notes

Levels and vault maps discovered:
D:1:      nicolae_arrival_somewhat_less_tricky_arrival, layout_basic,
          serial_shops, nicolae_shop_behind_doors,
          shapermc_ecumenical_altar_hornbeckon, amethyst_killhole
D:2:      layout_basic, basic_altar
D:3:      layout_basic
D:4:      minmay_opposing_rooms, layout_rooms, nicolae_tso_swordbearing_angel,
          grunt_ministairs_3, saegor_snake_ambush, uniq_menkaure
D:5:      layout_basic, general_overflow_altar, mainiacjoe_overflow_chevrons,
          minmay_temple_entry_grid, minmay_quadrilaterals
D:6:      layout_rooms, chequers_temple_overflow_minitemple,
          mainiacjoe_overflow_brackets, serial_curves, eino_curves_02,
          eino_curves_04, minmay_parallelograms, grunt_ministairs_13,
          dk_noncrumbling_4, minmay_hollow_rounded_squares, uniq_eustachio,
          uniq_duvessa, uniq_crazy_yiuf_cottage, uniq_prince_ribbit1
D:7:      layout_cave_pools, sigmund_army, uniq_pikel
Temple:   eino_temple_lava

Skill      XL: |  1  2  3  4  5  6  7  8  9 |
---------------+----------------------------+-----
Shields        | 4 |  4.0
Short Blades   | 1 2 3 4 5 |  5.8
Fighting       | 4 5 |  5.0
Armour         | 4 5 6 |  6.5
Dodging        | 1 |  1.7
Throwing       | 1 2 3 |  3.0
Stealth        | 1 2 |  2.0
Transmutations | 1 3 |  3.5
Spellcasting   | 1 2 3 |  3.0
Axes           | |  2.1
Evocations     | |  0.2

Action                   |  1- 3 |  4- 6 |  7- 9 || total
-------------------------+-------+-------+-------++-------
Melee: War axe           |    19 |       |       ||    19
       Dagger            |    73 |    97 |   138 ||   308
       Kick              |       |       |     7 ||     7
       Unarmed           |       |       |     4 ||     4
Throw: Boomerang         |       |    16 |    50 ||    66
 Cast: Beastly Appendage |       |       |    10 ||    10
       Wereblood         |       |       |     4 ||     4
       Spider Form       |       |       |     1 ||     1
 Abil: Dig               |       |     2 |       ||     2
Evoke: Wand              |       |       |     2 ||     2
  Use: Scroll            |     4 |     3 |     2 ||     9
       Potion            |       |     1 |       ||     1
Armor: Scale mail        |    54 |    23 |    43 ||   120
Dodge: Dodged            |    48 |    40 |    56 ||   144
Block: Buckler           |    33 |    16 |    30 ||    79

Table legend: (Time is in decaauts)
 A = Elapsed time spent in this place.
 B = Non-inter-level travel time spent in this place.
 C = Inter-level travel time spent in this place.
 D = Time resting spent in this place.
 E = Time spent auto-exploring this place.
 F = Levels seen in this place.
 G = Mean time per level.
                   A        B        C        D        E       F      G
               +--------+--------+--------+--------+--------+-----+--------+
         Total |   5291 |   4816 |    475 |    466 |   3427 |   8 |  661.4 |
       Dungeon |   5227 |   4761 |    466 |    466 |   3380 |   7 |  746.7 |
        Temple |     64 |     55 |      9 |      0 |     47 |   1 |   64.0 |
               +--------+--------+--------+--------+--------+-----+--------+

Top non-repeatable levels by time:
     D:4: 1305 daAuts
     D:3: 1051 daAuts
     D:1: 1041 daAuts
     D:5: 827 daAuts
     D:2: 791 daAuts
     D:6: 203 daAuts
  Temple: 64 daAuts
     D:7: 6 daAuts
